 Dungeon Crawl Stone Soup version 0.30-a0-613-gdd512c7efb (webtiles) character file.

Game seed: 15018246246782447562

4003 themarg the Martial Artist (level 10, -7/91 HPs)
             Began as a Gnoll Transmuter on Jan 8, 2023.
             Was an Initiate of Gozag.
             Killed themself with a badly aimed iceblast (12 damage)
             ... on level 9 of the Dungeon.
             The game lasted 00:16:48 (8426 turns).

themarg the Martial Artist (Gnoll Transmuter)       Turns: 8426, Time: 00:16:49

Health: -7/91      AC:  8    Str:  9    XL:     10   Next: 23%
Magic:  0/21       EV: 14    Int: 18    God:    Gozag
Gold:   532        SH:  0    Dex: 18    Spells: 13/23 levels left

rFire   x . .      SeeInvis .      - Unarmed
rCold   + + +      Faith    .    (shield currently unavailable)
rNeg    . . .      Spirit   +    (body armour currently unavailable)
rPois   +          Reflect  .    (helmet currently unavailable)
rElec   .          Harm     .    (cloak currently unavailable)
rCorr   .          Rampage  .    (gloves currently unavailable)
Will    .....                    (boots currently unavailable)
Stlth   +++                      g - amulet of guardian spirit
HPRegen 0.35/turn                f - +6 ring of dexterity
MPRegen 0.17/turn                m - +4 ring of slaying

@: ice-form, wereblooded, gold aura
A: freezing attack, amphibious, boosted hp, large, (fangs 1), strong nose,
distributed training
a: End Transformation, Renounce Religion, Potion Petition, Call Merchant, Bribe
Branch


You were on level 9 of the Dungeon.
You worshipped Gozag.
Gozag was pleased with you.
You were a creature of crystalline ice.
You visited 2 branches of the dungeon, and saw 10 of its levels.

You collected 851 gold pieces.
You paid 319 gold pieces to Gozag.

Inventory:

Hand Weapons
 x - the +7 flail of the Eggplant (melded) {vamp, Int+2}
   (You took it off an orc on level 6 of the Dungeon)

   Int:       It affects your intelligence (+2).
Missiles
 k - 92 stones
 u - 10 atropa-tipped darts
 E - 5 curare-tipped darts
 F - 24 poisoned darts
 H - 6 boomerangs
Armour
 a - a +0 robe (melded)
 n - a +0 cloak (melded)
 o - a +2 hat (melded)
 p - the +2 pair of boots of the Equinox (melded) {+Inv rCorr Str+4 Dex-2}
   (You found it on level 2 of the Dungeon)

   Str:       It affects your strength (+4).
   Dex:       It affects your dexterity (-2).
   +Inv:      It lets you turn invisible.
   rCorr:     It protects you from acid and corrosion.
Jewellery
 f - a +6 ring of dexterity (left front paw)
 g - an amulet of guardian spirit (around neck)
 m - a +4 ring of slaying (right front paw)
 t - a ring of wizardry
 v - a ring of magical power
 I - a ring of protection from fire
Wands
 s - a wand of iceblast (9)
 y - a wand of paralysis (14)
 D - a wand of digging (2)
 J - a wand of flame (11)
Scrolls
 c - 3 scrolls of teleportation
 d - 2 scrolls of immolation {unknown}
 h - 3 scrolls of silence
 i - 3 scrolls of vulnerability
 j - a scroll of noise {unknown}
 l - 3 scrolls of blinking {unknown}
 A - a scroll of magic mapping {unknown}
 B - a scroll of identify
 G - a scroll of enchant armour {unknown}
Potions
 b - 2 potions of lignification
 e - 7 potions of curing
 q - 2 potions of mutation
 r - a potion of attraction
 w - 2 potions of brilliance {unknown}
 z - 2 potions of flight
 C - 2 potions of haste {unknown}


   Skills:
 + Level 5.9 Fighting
 + Level 5.2 Short Blades
 + Level 5.2 Long Blades
 + Level 5.2 Axes
 + Level 5.2 Maces & Flails
 + Level 5.2 Polearms
 + Level 5.2 Staves
 + Level 5.2 Ranged Weapons
 + Level 5.2 Throwing
 + Level 5.2 Armour
 + Level 7.1 Dodging
 + Level 5.2 Stealth
 + Level 5.2 Shields
 + Level 8.5 Unarmed Combat
 + Level 7.3 Spellcasting
 + Level 4.3 Conjurations
 + Level 4.3 Hexes
 + Level 4.3 Summonings
 + Level 4.3 Necromancy
 + Level 4.3 Translocations
 + Level 5.8 Transmutations
 + Level 4.3 Fire Magic
 + Level 4.3 Ice Magic
 + Level 4.3 Air Magic
 + Level 4.3 Earth Magic
 + Level 4.3 Poison Magic
 + Level 5.8 Invocations
 + Level 5.2 Evocations


You had 13 spell levels left.
You knew the following spells:

 Your Spells              Type           Power      Damage    Failure   Level
a - Beastly Appendage     Tmut           54%        N/A       1%          1
b - Wereblood             Tmut           27%        N/A       1%          2
c - Spider Form           Tmut/Pois      25%        N/A       3%          3
d - Ice Form              Ice/Tmut       25%        N/A       13%         4

Your spell library contained the following spells:

 Spells                   Type           Power      Damage    Failure   Level
 Inner Flame              Hex/Fire       22%        N/A       5%          3
 Flame Wave               Conj/Fire      22%        2d8       17%         4
 Manifold Assault         Tloc           22%        N/A       17%         4
 Sticky Flame             Conj/Fire      22%        2d4       17%         4
 Dispersal                Tloc           11%        N/A       95%         6
 Disjunction              Tloc           11%        N/A       100%        8


Dungeon Overview and Level Annotations

Branches:
Dungeon (9/15)             Temple (1/1) D:7
   Lair: D:8-11         Orc: D:9-12

Altars:
Fedhas
Gozag
Hepliaklqana
Qazlal
Sif Muna
Vehumet
Wu Jian
Yredelemnul

Annotations:
D:9 exclusions: 2 centaurs and 2 more exclusions


Innate Abilities, Weirdness & Mutations

You are a creature of crystalline ice.
You have a powerful freezing melee attack.
You are amphibious.
Your maximum health is increased.
Your armour is entirely melded.
You are incapable of wielding weapons or throwing items.
((You have very sharp teeth.))
Your uncanny sense of smell can sniff out nearby items.
Your experience applies equally to all skills.


Message History

The very large slime creature hits you!
You pummel the very large slime creature!!
You freeze the very large slime creature.
The very large slime creature is almost dead.
The bullfrog is no longer distracted by gold.
The very large slime creature hits you.
You pummel the very large slime creature!!
You freeze the very large slime creature.
The very large slime creature is almost dead.
The very large slime creature hits you!
You hit the very large slime creature.
You freeze the very large slime creature.
The very large slime creature is almost dead.
You hit the very large slime creature.
You freeze the very large slime creature.
The very large slime creature is almost dead.
The centaur is no longer distracted by gold.
The bullfrog is distracted by your dazzling golden aura.
The very large slime creature hits you!!!
* * * LOW HITPOINT WARNING * * *
The bullfrog croaks. [a] - 200 gold - resistance [b] - 462 gold - heal wounds, curing, berserk rage and magic [c] - 200 gold - heal wounds and curing Purchase which effect?
You feel much better.
You feel better.
The very large slime creature hits you!!!
Ouch! That really hurt!
* * * LOW HITPOINT WARNING * * *
Aiming: Iceblast
Press: ? - help, Shift-Dir - straight line, f - very large slime creature
Aim: a very large slime creature (almost dead) That beam is likely to hit you.
Continue anyway?
The mass of ice explodes!
The iceblast engulfs the very large slime creature!!
You feel a bit better.
You kill the very large slime creature!
The iceblast engulfs something!
The iceblast engulfs you! You partially resist.
You die...
Your body crumbles into a pile of gold.

##### ### ###... ..#
....# #.# . #..# #.#
...o#####..#### #.#
..FcD{$Y......# #.######
....#####..$..###.......
. #.............##
.............###.#
#######/####.# #.## #.#
#.# #... #.# #.# ###.
#+# #.# #. #.#####.


You could see a steam dragon, a bullfrog, a centaur and an orc priest.

Vanquished Creatures
  A slime creature (D:9)
  2 wyverns
  3 yaks (D:8)
  3 orc warriors (D:8)
  An ice beast (D:6)
  An ogre (D:5)
  A black bear (D:4)
  3 centaurs
  A kobold brigand (D:8)
  Blork the orc (D:6)
  2 bullfrogs (D:8)
  A necrophage (D:6)
  2 gnoll sergeants
  4 scorpions
  8 wights
  4 killer bees (D:8)
  5 howler monkeys
  2 hounds (D:5)
  3 orc priests
  A gnoll bouda (D:7)
  2 jellies
  4 iguanas
  13 orc wizards
  15 gnolls
  7 adders
  A shadow imp (D:7)
  3 ufetubi
  4 worms
  4 dart slugs
  36 orcs
  9 ball pythons
  3 bats
  4 endoplasms
  4 giant cockroaches
  8 goblins
  5 hobgoblins
  11 kobolds
  A quokka (D:1)
  5 frilled lizards
  8 rats
196 creatures vanquished.

Vanquished Creatures (others)
  A plant (D:5)
1 creature vanquished.

Grand Total: 197 creatures vanquished

Notes
Turn   | Place    | Note
-------+----------+-------------------------------------------
     0 | D:1      | themarg the Gnoll Transmuter began the quest for the Orb.
     0 | D:1      | Reached XP level 1. HP: 17/17 MP: 6/6
   107 | D:1      | Reached XP level 2. HP: 18/23 MP: 5/7
   148 | D:1      | Learned a level 2 spell: Wereblood
   462 | D:1      | Reached skill level 5 in Spellcasting
   462 | D:1      | Reached XP level 3. HP: 28/28 MP: 5/9
   466 | D:1      | Learned a level 3 spell: Spider Form
  1137 | D:2      | Reached skill level 1 in Invocations
  1176 | D:2      | Reached skill level 1 in Short Blades
  1176 | D:2      | Reached skill level 1 in Long Blades
  1176 | D:2      | Reached skill level 1 in Axes
  1176 | D:2      | Reached skill level 1 in Maces & Flails
  1176 | D:2      | Reached skill level 1 in Polearms
  1176 | D:2      | Reached skill level 1 in Staves
  1176 | D:2      | Reached skill level 1 in Ranged Weapons
  1176 | D:2      | Reached skill level 1 in Throwing
  1176 | D:2      | Reached skill level 1 in Armour
  1176 | D:2      | Reached skill level 1 in Stealth
  1176 | D:2      | Reached skill level 1 in Shields
  1176 | D:2      | Reached skill level 1 in Evocations
  1350 | D:2      | Identified the +2 pair of boots of the Equinox {+Inv rCorr
                  | Str+4 Dex-2}
  1370 | D:2      | Reached XP level 4. HP: 33/34 MP: 11/11
  1982 | D:3      | Found a hazy altar of Hepliaklqana.
  2137 | D:3      | Reached skill level 1 in Conjurations
  2137 | D:3      | Reached skill level 1 in Hexes
  2137 | D:3      | Reached skill level 1 in Summonings
  2137 | D:3      | Reached skill level 1 in Necromancy
  2137 | D:3      | Reached skill level 1 in Translocations
  2137 | D:3      | Reached skill level 1 in Fire Magic
  2137 | D:3      | Reached skill level 1 in Ice Magic
  2137 | D:3      | Reached skill level 1 in Air Magic
  2137 | D:3      | Reached skill level 1 in Earth Magic
  2137 | D:3      | Reached skill level 1 in Poison Magic
  2141 | D:3      | Reached XP level 5. HP: 9/40 MP: 5/12
  2854 | D:4      | Noticed a black bear
  2867 | D:4      | Killed a black bear
  2868 | D:4      | Reached skill level 5 in Dodging
  2868 | D:4      | Reached XP level 6. HP: 28/47 MP: 3/14
  3811 | D:5      | Entered Level 5 of the Dungeon
  3859 | D:5      | Reached skill level 7 in Unarmed Combat
  3859 | D:5      | Reached XP level 7. HP: 41/52 MP: 7/15
  4208 | D:5      | Found a basalt altar of Yredelemnul.
  4859 | D:5      | Reached XP level 8. HP: 44/60 MP: 10/16
  5222 | D:6      | Identified the +7 flail of the Eggplant {vamp, Int+2}
  5485 | D:6      | Found an ornate altar of the Wu Jian Council.
  5520 | D:6      | Noticed Blork the orc
  5523 | D:6      | Killed Blork the orc
  5531 | D:6      | Reached skill level 5 in Transmutations
  5728 | D:6      | Found a shimmering blue altar of Sif Muna.
  5946 | D:7      | Reached XP level 9. HP: 53/66 MP: 13/18
  5958 | D:6      | Learned a level 4 spell: Ice Form
  6103 | D:7      | Found a staircase to the Ecumenical Temple.
  6137 | Temple   | Entered the Ecumenical Temple
  6257 | Temple   | Became a worshipper of Gozag Ym Sagoz the Greedy
  6351 | D:7      | Reached skill level 5 in Fighting
  6921 | D:8      | Reached skill level 8 in Unarmed Combat
  7088 | D:8      | Reached skill level 5 in Invocations
  7152 | D:8      | Paralysed by an orc for 2 turns
  7367 | D:8      | Reached skill level 5 in Short Blades
  7367 | D:8      | Reached skill level 5 in Long Blades
  7367 | D:8      | Reached skill level 5 in Axes
  7367 | D:8      | Reached skill level 5 in Maces & Flails
  7367 | D:8      | Reached skill level 5 in Polearms
  7367 | D:8      | Reached skill level 5 in Staves
  7367 | D:8      | Reached skill level 5 in Ranged Weapons
  7367 | D:8      | Reached skill level 5 in Throwing
  7367 | D:8      | Reached skill level 5 in Armour
  7367 | D:8      | Reached skill level 5 in Stealth
  7367 | D:8      | Reached skill level 5 in Shields
  7367 | D:8      | Reached skill level 5 in Evocations
  7367 | D:8      | Reached XP level 10. HP: 76/76 MP: 17/20
  7633 | D:8      | Found a radiant altar of Vehumet.
  7634 | D:8      | Found a stormy altar of Qazlal.
  8425 | D:9      | HP: 4/91 [very large slime creature (49)]
  8426 | D:9      | Killed themself with a badly aimed iceblast

Illustrated notes

Levels and vault maps discovered:
D:1:      tarquinn_simple_flora_water_d, layout_loops_ring
D:2:      minmay_spotlight, layout_basic
D:3:      layout_basic, mainiacjoe_overflow_24_doors
D:4:      layout_loops_ring, minmay_misc_feat_pillars, corner_web_ring
D:5:      layout_cave_pods, mainiacjoe_overflow_boulevard, serial_rivers,
          chequers_serial_rivers_room_b, chequers_serial_rivers_room_b,
          chequers_serial_rivers_large_a, chequers_serial_rivers_small_b,
          chequers_serial_rivers_small_a
D:6:      layout_cave_pools, nzn_wu_jian_contemplation, kennysheep_mini_moat,
          grunt_ministairs_6, uniq_blork_the_orc
D:7:      layout_cave_pools, minmay_temple_entry_slanted,
          hangedman_decor_growths, hangedman_decor_riveting
D:8:      layout_basic, gammafunk_temple_overflow_statue, minmay_crossroads
D:9:      layout_loops_corners, centaur_isle
Temple:   bh_familiar_temple

Skill      XL: |  1  2  3  4  5  6  7  8  9 10 |
---------------+-------------------------------+-----
Spellcasting   | 5 6 7 |  7.3
Invocations    | 1 2 3 4 5 |  5.8
Short Blades   | 1 2 3 5 |  5.2
Long Blades    | 1 2 3 5 |  5.2
Axes           | 1 2 3 5 |  5.2
Maces & Flails | 1 2 3 5 |  5.2
Polearms       | 1 2 3 5 |  5.2
Staves         | 1 2 3 5 |  5.2
Ranged Weapons | 1 2 3 5 |  5.2
Throwing       | 1 2 3 5 |  5.2
Armour         | 1 2 3 5 |  5.2
Stealth        | 1 2 3 5 |  5.2
Shields        | 1 2 3 5 |  5.2
Evocations     | 1 2 3 5 |  5.2
Conjurations   | 1 2 3 4 |  4.3
Hexes          | 1 2 3 4 |  4.3
Summonings     | 1 2 3 4 |  4.3
Necromancy     | 1 2 3 4 |  4.3
Translocations | 1 2 3 4 |  4.3
Fire Magic     | 1 2 3 4 |  4.3
Ice Magic      | 1 2 3 4 |  4.3
Air Magic      | 1 2 3 4 |  4.3
Earth Magic    | 1 2 3 4 |  4.3
Poison Magic   | 1 2 3 4 |  4.3
Fighting       | 3 4 5 |  5.9
Transmutations | 4 5 |  5.8
Dodging        | 5 6 7 |  7.1
Unarmed Combat | 7 8 |  8.5

Action                   |  1- 3 |  4- 6 |  7- 9 | 10-12 || total
-------------------------+-------+-------+-------+-------++-------
Melee: Unarmed           |    64 |    88 |   250 |    46 ||   448
       Kick              |    11 |     3 |       |       ||    14
       Punch             |     4 |       |       |       ||     4
       Bite              |     2 |     1 |       |       ||     3
       Headbutt          |     6 |     4 |       |       ||    10
 Cast: Beastly Appendage |    22 |    14 |       |       ||    36
       Wereblood         |     1 |     3 |    10 |     3 ||    17
       Spider Form       |       |    19 |    25 |       ||    44
       Ice Form          |       |       |     6 |     5 ||    11
Invok: Potion Petition   |       |       |       |     1 ||     1
Evoke: Wand              |       |       |     2 |       ||     2
  Use: Scroll            |       |     5 |     3 |       ||     8
       Potion            |       |       |     4 |       ||     4
 Stab: Sleeping          |     4 |     5 |     4 |       ||    13
Armor: Robe              |     6 |     5 |     1 |       ||    12
       Skin              |       |     1 |    25 |     4 ||    30
Dodge: Dodged            |    29 |    63 |   229 |    27 ||   348

Table legend: (Time is in decaauts)
 A = Elapsed time spent in this place.
 B = Non-inter-level travel time spent in this place.
 C = Inter-level travel time spent in this place.
 D = Time resting spent in this place.
 E = Time spent auto-exploring this place.
 F = Levels seen in this place.
 G = Mean time per level.
                   A        B        C        D        E       F      G
               +--------+--------+--------+--------+--------+-----+--------+
         Total |   8382 |   8139 |    243 |    176 |   6709 |  10 |  838.2 |
       Dungeon |   8250 |   8017 |    233 |    176 |   6592 |   9 |  916.7 |
        Temple |    131 |    121 |     10 |      0 |    117 |   1 |  131.0 |
               +--------+--------+--------+--------+--------+-----+--------+

Top non-repeatable levels by time:
     D:5: 1309 daAuts
     D:3: 1076 daAuts
     D:4: 975 daAuts
     D:1: 895 daAuts
     D:7: 879 daAuts
     D:8: 850 daAuts
     D:2: 844 daAuts
     D:6: 776 daAuts
     D:9: 643 daAuts
  Temple: 131 daAuts
